 Dungeon Crawl Stone Soup version 0.24.0-1-gfbc8707122 (webtiles) character file.

Game seed: 2868389992946705187, levelgen mode: deterministic

160 Aviak the Caller (level 5, 0/38 HPs)
             Began as a Draconian Summoner on Oct 26, 2019.
             Slain by an ogre
             ... wielding a +0 giant club
              (26 damage)
             ... on level 4 of the Dungeon.
             The game lasted 00:04:40 (4045 turns).

Aviak the Caller (Draconian Summoner)               Turns: 4045, Time: 00:04:41

Health: 0/38       AC:  5    Str: 16    XL:     5   Next: 17%
Magic:  2/9        EV: 13    Int: 18    God:
Gold:   148        SH:  0    Dex: 12    Spells: 4/10 levels left

rFire    . . .     SeeInvis .   a - +0 hand axe
rCold    . . .     Gourm    .   (no shield)
rNeg     . . .     Faith    .   (armour unavailable)
rPois    .         Spirit   .   (helmet restricted)
rElec    .         Reflect  .   (no cloak)
rCorr    .         Harm     .   (no gloves)
MR       .....                  (no boots)
Stlth    ++........             (no amulet)
HPRegen  0.12/turn              e - +5 ring of strength
MPRegen  0.11/turn              k - +3 ring of intelligence

@: very slightly contaminated
A: unfitting armour, cold-blooded, AC +5
a: no special abilities


You were on level 4 of the Dungeon.
You were not hungry.

You visited 1 branch of the dungeon, and saw 4 of its levels.

You collected 148 gold pieces.

Inventory:

Hand Weapons
 a - a +0 hand axe (weapon)
Jewellery
 e - a +5 ring of strength (left hand)
 k - a +3 ring of intelligence (right hand)
 A - a -2 ring of protection
 F - an uncursed ring of protection from fire
Wands
 s - a wand of polymorph (8)
Scrolls
 h - 4 scrolls of identify {unknown}
 m - a scroll of teleportation {unknown}
 n - a scroll of enchant weapon {unknown}
 p - a scroll of blinking {unknown}
 q - a scroll of magic mapping {unknown}
 r - 2 scrolls of remove curse
 t - a scroll of enchant armour {unknown}
Potions
 c - a potion of curing {unknown}
 d - a potion of berserk rage {unknown}
 f - 4 potions of flight {unknown}
 g - 2 potions of might {unknown}
 i - a potion of brilliance {unknown}
 j - 2 potions of lignification {unknown}
 l - 2 potions of heal wounds {unknown}
 o - a potion of mutation {unknown}
 u - a potion of resistance {unknown}
Comestibles
 b - 11 rations


   Skills:
 + Level 3.1 Dodging
 - Level 1.7 Stealth
 + Level 3.3 Spellcasting
 + Level 4.9 Summonings


You had 4 spell levels left.
You knew the following spells:

 Your Spells              Type           Power        Failure   Level  Hunger
a - Summon Small Mammal   Summ           ###.         1%          1    None
b - Call Imp              Summ           ###.....     3%          2    ##.....
c - Call Canine Familiar  Summ           ###.....     6%          3    ###....

Your spell library contained the following spells:

 Spells                   Type           Power        Failure   Level  Hunger
 Summon Guardian Golem    Hex/Summ       ##......     17%         3    ###....
 Summon Ice Beast         Ice/Summ       ##......     50%         4    ####...
 Summon Lightning Spire   Summ/Air       ##......     50%         4    ####...


Dungeon Overview and Level Annotations

Branches:
Dungeon (4/15)
 Temple: D:4-7

Altars:


Innate Abilities, Weirdness & Mutations

Your plain brown scales are hard. (AC +5)
You cannot fit into any form of body armour.
You are cold-blooded and may be slowed by cold attacks.


Message History

Orders for allies: a - Attack new target. r - Retreat! s - Stop attacking. g - Guard the area. f - Follow me.
Anything else - Cancel.
Gang up on whom?
Press: ? - help, Dir - move target cursor, f - ogre
Aim: an ogre, wielding a +0 giant club (lightly wounded) Attack!
Your hound bites the ogre.
The ogre hits your hound with a +0 giant club!!
Your hound dies!
Your hound's corpse disappears in a puff of smoke!
You hit the ogre.
The ogre is heavily wounded.
Your crimson imp closely misses the ogre.
The ogre hits you with a +0 giant club!
Your crimson imp hits the ogre.
You slash the ogre!
The ogre is severely wounded.
The ogre hits you with a +0 giant club!!
Ouch! That really hurt!
You die...

..## ###....
.....##
......#
##......#
#ยง.......
#O5......
##@........
#...........
#...........
##..........#
#...........#
#.<.........#
#..........#
#..........#
#...^......#


You could see an ogre and a friendly crimson imp.

Vanquished Creatures
  5 adders
  An ooze (D:2)
  A leopard gecko (D:2)
  An orc (D:3)
  3 giant cockroaches
  7 goblins
  4 hobgoblins
  4 quokkas
  10 bats
  4 frilled lizards
  2 kobolds
  4 rats
46 creatures vanquished.

Vanquished Creatures (collateral kills)
  An iguana (D:3)
  Terence (D:3)
  4 adders
  An ooze (D:2)
  A worm (D:2)
  A leopard gecko (D:3)
  A goblin (D:2)
  2 hobgoblins
  2 frilled lizards
  A kobold (D:1)
  3 rats (D:3)
18 creatures vanquished.

Grand Total: 64 creatures vanquished

Notes
Turn   | Place    | Note
-------+----------+-------------------------------------------
     0 | D:1      | Aviak the Draconian Summoner began the quest for the Orb.
     0 | D:1      | Reached XP level 1. HP: 14/14 MP: 3/3
   542 | D:1      | Reached XP level 2. HP: 19/20 MP: 5/5
  1423 | D:2      | Reached XP level 3. HP: 20/26 MP: 6/6
  1695 | D:2      | Learned a level 2 spell: Call Imp
  2081 | D:2      | Reached XP level 4. HP: 27/33 MP: 8/8
  2314 | D:2      | Learned a level 3 spell: Call Canine Familiar
  3084 | D:3      | Noticed Terence
  3099 | D:3      | Killed Terence
  3380 | D:3      | Reached XP level 5. HP: 34/38 MP: 9/9
  4036 | D:4      | Noticed an ogre
  4045 | D:4      | Slain by an ogre

Levels and vault maps discovered:
D:1:      lemuel_arrival_muddy, layout_basic
D:2:      layout_basic
D:3:      layout_loops_ring, minmay_quantized, uniq_terence
D:4:      kennysheep_the_goblin_king, layout_cave_pods

Skill      XL: |  1  2  3  4 |
---------------+-------------+-----
Dodging        | 2 3 |  3.1
Spellcasting   | 3 |  3.3
Stealth        | |  1.7
Summonings     | |  4.9

Action                   |  1- 3 |  4- 6 || total
-------------------------+-------+-------++-------
Melee: Unarmed           |    17 |       ||    17
       Hand axe          |    63 |    85 ||   148
       Tailslap          |     9 |     5 ||    14
 Cast: Summon Small Mamm |    13 |       ||    13
       Call Imp          |     3 |     7 ||    10
       Call Canine Famil |       |     7 ||     7
  Use: Scroll            |       |     1 ||     1
 Stab: Sleeping          |     2 |     5 ||     7
       Distracted        |     1 |     1 ||     2
  Eat: Chunk             |     4 |     7 ||    11
Armor: Skin              |    40 |    29 ||    69
Dodge: Dodged            |    65 |    69 ||   134
